 Dungeon Crawl Stone Soup version 0.27.0 (webtiles) character file.

Game seed: 10439346876121606449

86494 chrlz the Warrior (level 15, -3/228 (232) HPs)
             Began as a Minotaur Berserker on July 30, 2021.
             Was a High Priest of Trog.
             Slain by an orc high priest (11 damage)
             ... on level 2 of the Orcish Mines.
             The game lasted 00:40:45 (27320 turns).

chrlz the Warrior (Minotaur Berserker)             Turns: 27320, Time: 00:40:46

HP:   -3/228 (232)  AC: -9    Str: 29    XL:     15   Next: 41%
MP:   23/23         EV: 11    Int:  4    God:    Trog [*****.]
Gold: 595           SH:  0    Dex: 11    Spells: 14/14 levels left

rFire    . . .     SeeInvis .   v - +9 dire flail (protect)
rCold    . . .     Faith    .   (shield currently unavailable)
rNeg     + + .     Spirit   .   w - +8 chain mail "Bucogh" {rN+ Regen+ MP+9 Str+2}
rPois    +         Reflect  .   T - +2 hat
rElec    .         Harm     .   y - +0 cloak
rCorr    .         Rampage  .   d - +1 pair of gloves
Will     +++..                  M - +0 pair of boots
Stlth    ..........             P - amulet of the acrobat
HPRegen  2.48/turn              C - ring of poison resistance
MPRegen  0.18/turn              z - ring of positive energy

@: berserking (expiring), strong-willed, corroded, under a protective aura,
regenerating, lightly drained, very quick
A: horns 2, retaliatory headbutt, deterioration 1
a: Renounce Religion, Berserk, Trog's Hand, Brothers in Arms


You were on level 2 of the Orcish Mines.
You worshipped Trog.
Trog was extremely pleased with you.
You visited 3 branches of the dungeon, and saw 20 of its levels.

You collected 1933 gold pieces.
You spent 1338 gold pieces at shops.

Inventory:

Hand Weapons
 v - a +9 dire flail of protection (weapon)
Missiles
 h - 739 stones (quivered)
 R - 4 throwing nets
Armour
 d - a +1 pair of gloves (worn)
 w - the +8 chain mail "Bucogh" (worn) {rN+ Regen+ MP+9 Str+2}
   (You bought it in a shop on level 2 of the Orcish Mines)

   Str:       It affects your strength (+2).
   rN:        It protects you from negative energy.
   MP:        It affects your magic capacity (+9).
   Regen:     It increases your rate of health regeneration.
 y - a +0 cloak (worn)
 M - a +0 pair of boots (worn)
 T - a +2 hat (worn)
Jewellery
 z - a ring of positive energy (right hand)
 C - a ring of poison resistance (left hand)
 P - an amulet of the acrobat (around neck)
Wands
 g - a wand of acid (15)
 n - a wand of flame (80)
 A - a wand of paralysis (13)
 O - a wand of iceblast (17)
 S - a wand of polymorph (16)
 U - a wand of mindburst (13)
Scrolls
 a - 3 scrolls of acquirement {unknown}
 f - 5 scrolls of enchant armour
 i - 6 scrolls of immolation
 j - 8 scrolls of teleportation
 k - 2 scrolls of vulnerability
 o - 2 scrolls of summoning
 p - a scroll of amnesia
 s - 2 scrolls of enchant weapon
 H - 2 scrolls of fog {unknown}
 I - 2 scrolls of brand weapon {unknown}
 J - a scroll of fear {unknown}
 K - 9 scrolls of identify
 L - a scroll of silence {unknown}
Potions
 b - 4 potions of haste
 c - 12 potions of curing
 e - 2 potions of magic
 l - a potion of flight
 m - 3 potions of invisibility
 q - a potion of ambrosia {unknown}
 r - 8 potions of attraction
 u - 3 potions of lignification
 x - 2 potions of brilliance
 F - 2 potions of might {unknown}
 G - 3 potions of mutation
 Q - 5 potions of heal wounds {unknown}
 V - a potion of resistance {unknown}
 W - 2 potions of cancellation {unknown}
 X - a potion of degeneration {unknown}


   Skills:
 * Level 19.7 Fighting
 - Level 14.9 Maces & Flails
 - Level 1.2 Throwing
 * Level 18.1 Armour
 - Level 6.3 Dodging
 + Level 3.4 Stealth


You had 14 spell levels left.
You didn't know any spells.
Your spell library was empty.

Dungeon Overview and Level Annotations

Branches:
Dungeon (12/15)            Temple (0/1) D:5            Lair (6/6) D:9
  Swamp (0/4) Lair:3       Spider (0/4) Lair:3        Slime (0/5) Lair:6
    Orc (2/2) D:10
    Elf: Orc:2

Altars:
Elyvilon
Hepliaklqana
Beogh
Jiyva

Shops:
D:3 *   D:6 *   D:9 *   Orc:1 [   Orc:2 [(*

Annotations:
Lair:6 1 runed translucent door, 2 transporters, velxir3's ghost, journeyman HOFi


Innate Abilities, Weirdness & Mutations

You have a pair of horns on your head.
You reflexively headbutt those who attack you in melee.
Your body sometimes deteriorates upon taking damage.


Message History

The rust devil corrodes you! The soul eater hits you!
* * * LOW HITPOINT WARNING * * *
You partially resist.
You feel drained.
* * * LOW HITPOINT WARNING * * *
You impale the orc high priest!!
The orc high priest is severely wounded.
The orc high priest barely misses you. You furiously retaliate!
You headbutt the orc high priest, but do no damage.
You puncture the orc high priest!
The orc high priest is almost dead.
The rust devil closely misses you. The soul eater closely misses you.
You hit the orc high priest but do no damage.
Your headbutt misses the orc high priest.
The orc high priest is almost dead.
You closely miss the orc high priest.
The orc high priest is almost dead.
The orc high priest mumbles some strange prayers to Beogh.
The orc high priest is healed somewhat.
You hit the orc high priest but do no damage.
You headbutt the orc high priest, but do no damage.
The orc high priest is severely wounded.
The rust devil closely misses you. The soul eater barely misses you.
You closely miss the orc high priest.
Your headbutt misses the orc high priest.
The orc high priest is severely wounded.
You closely miss the orc high priest. You headbutt the orc high priest!
The orc high priest is almost dead.
The orc high priest prays to Beogh.
The rust devil hits you.
* * * LOW HITPOINT WARNING * * *
The rust devil corrodes you!
You completely miss the orc high priest.
You headbutt the orc high priest, but do no damage.
The orc high priest is almost dead.
The soul eater draws from the surrounding life force!
* * * LOW HITPOINT WARNING * * *
You closely miss the orc high priest.
The orc high priest is almost dead.
The orc high priest hits you with a +0 halberd!
You die...

##...##......#...#..
######.....##..##..
##.....#...####
#.)...##...##.. ####
##.....#....##.#
###...##.....##...###.#
#....4))....##....# #.)
##....o34...## ###
#....4.@...## #
#...8.....##
#........## ##......##
##....## #####


You could see a soul eater (summoned), an orc high priest, an orange demon
(summoned), a rust devil (summoned, expiring) and a chaos spawn (summoned).

Vanquished Creatures
  Rupert (Orc:2)
  Gastronok (Lair:3)
  An orc warlord (Orc:2)
  2 dire elephants (Lair:6)
  Snorg (Orc:1)
  An ettin (D:10)
  Josephine (D:10)
  The ghost of hawla the Destroyer, a journeyman DECj of Vehumet (D:12)
  Harold (Lair:2)
  8 hydras
  Erica (Lair:2)
  A centaur warrior (D:8)
  The ghost of Nausicaa the Grappler, a novice TrDe (D:10)
  2 catoblepae
  4 death yaks (Lair:6)
  8 two-headed ogres
  2 orc high priests (Orc:2)
  A spectral death yak (Lair:6)
  A sixfirhy (D:11)
  A spectral anaconda (Lair:6)
  A bog body (Lair:3)
  An obsidian statue (Lair:6)
  A lindwurm (Lair:6)
  Pikel (D:7)
  4 necromancers (Lair:6)
  3 orc knights (Orc:2)
  An oklob plant (Lair:6)
  3 orc sorcerers
  3 ugly things
  2 cyclopes
  A manticore (D:12)
  17 elephants
  10 black mambas
  Maurice (D:8)
  A torpor snail (Lair:4)
  An unseen horror (D:12)
  17 cane toads
  A gargoyle (D:11)
  11 komodo dragons
  3 rime drakes
  Maggie (D:8)
  3 trolls
  3 jumping spiders (Lair:3)
  A polar bear (Lair:1)
  3 hornets (Lair:4)
  Prince Ribbit (D:5)
  12 blink frogs
  44 yaks
  A shadow (D:10)
  12 spriggans (Lair:4)
  6 wyverns
  7 basilisks
  6 wraiths
  3 steam dragons
  4 neqoxecs (D:12)
  A death yak simulacrum (Lair:6)
  4 wargs
  Edmund (D:5)
  3 acid dragons
  A swamp worm (Lair:3)
  12 water moccasins
  3 ice beasts (D:6)
  2 black bears
  A sky beast (D:7)
  13 ogres
  31 orc warriors
  A hornet zombie (D:7)
  2 necrophages (D:5)
  3 boggarts (Lair:4)
  18 wolves
  3 centaurs
  A lemure (D:7)
  2 kobold brigands (D:8)
  12 bullfrogs
  A scorpion (D:4)
  A wyvern skeleton (D:5)
  A water moccasin skeleton (D:6)
  11 killer bees
  6 wights (D:9)
  3 electric eels
  5 centaur zombies
  2 bullfrog zombies
  4 hounds
  4 quasits (D:12)
  2 bullfrog skeletons
  A centaur skeleton (D:6)
  2 gnoll shamans
  18 orc priests
  10 orc wizards
  4 iguanas
  A scorpion zombie (D:5)
  A hound skeleton (D:5)
  Robin (D:3)
  A howler monkey zombie (D:6)
  7 adders
  3 gnolls (D:4)
  4 white imps
  An ufetubus (D:7)
  2 worms
  80 orcs
  7 ball pythons
  4 bats
  7 endoplasms
  2 giant cockroaches
  14 goblins
  14 hobgoblins
  9 jackals
  5 quokkas
  4 frilled lizards
  10 kobolds
  5 rats
601 creatures vanquished.

Vanquished Creatures (others)
  A water moccasin (Lair:4)
  A bush (Lair:3)
  30 fungi
  48 plants
  7 withered plants (Lair:6)
87 creatures vanquished.

Grand Total: 688 creatures vanquished

Notes
Turn   | Place    | Note
-------+----------+-------------------------------------------
     0 | D:1      | chrlz the Minotaur Berserker began the quest for the Orb.
     0 | D:1      | Reached XP level 1. HP: 19/19 MP: 0/0
   323 | D:1      | Reached XP level 2. HP: 25/27 MP: 1/1
   425 | D:1      | Reached skill level 4 in Fighting
   634 | D:1      | Reached XP level 3. HP: 31/33 MP: 2/2
  1129 | D:2      | Found a faded altar of an unknown god.
  1331 | D:2      | Found a hazy altar of Hepliaklqana.
  1623 | D:3      | Found Woxeid's General Store.
  1630 | D:3      | Bought a scroll of enchant armour for 82 gold pieces
  1654 | D:3      | Reached ** piety under Trog
  1803 | D:3      | Reached XP level 4. HP: 33/41 MP: 3/3
  1888 | D:3      | Noticed Robin
  1895 | D:3      | Killed Robin
  1904 | D:3      | Reached skill level 5 in Maces & Flails
  2494 | D:3      | Reached skill level 5 in Fighting
  2505 | D:3      | HP: 2/42 [orc (2)]
  3128 | D:4      | Reached XP level 5. HP: 44/48 MP: 4/4
  3243 | D:4      | Reached skill level 1 in Stealth
  3763 | D:4      | Noticed an ogre
  3769 | D:4      | Killed an ogre
  3770 | D:4      | Reached XP level 6. HP: 56/56 MP: 5/5
  4047 | D:5      | Entered Level 5 of the Dungeon
  4077 | D:5      | Reached *** piety under Trog
  4088 | D:5      | Reached XP level 7. HP: 56/61 MP: 6/6
  4173 | D:5      | Noticed Prince Ribbit
  4188 | D:5      | Killed Prince Ribbit
  4562 | D:5      | Found a staircase to the Ecumenical Temple.
  4708 | D:5      | Noticed Edmund
  4717 | D:5      | Killed Edmund
  4718 | D:5      | Reached skill level 6 in Fighting
  4718 | D:5      | Reached skill level 5 in Armour
  4718 | D:5      | Reached XP level 8. HP: 44/70 MP: 7/7
  5356 | D:6      | Found Enannuni's General Store.
  5366 | D:6      | Bought a scroll of enchant armour for 97 gold pieces
  5449 | D:6      | Found a white marble altar of Elyvilon.
  5925 | D:7      | Reached skill level 10 in Maces & Flails
  6000 | D:7      | Noticed Pikel
  6003 | D:7      | Reached XP level 9. HP: 52/78 MP: 8/8
  6022 | D:7      | Killed Pikel
  6023 | D:7      | Reached skill level 7 in Fighting
  7648 | D:8      | Noticed Maurice
  7655 | D:8      | Killed Maurice
  7656 | D:8      | Reached skill level 8 in Fighting
  7656 | D:8      | Reached skill level 5 in Dodging
  7683 | D:8      | Noticed Maggie
  7698 | D:8      | Killed Maggie
  7699 | D:8      | Reached XP level 10. HP: 38/88 MP: 9/9
  8257 | D:8      | Noticed a centaur warrior
  8260 | D:8      | Noticed a two-headed ogre
  8727 | D:8      | Killed a two-headed ogre
  8728 | D:8      | Reached skill level 9 in Fighting
  8853 | D:8      | Noticed a purple ugly thing
  8861 | D:8      | Killed a purple ugly thing
  9224 | D:8      | Killed a centaur warrior
  9867 | D:9      | Reached skill level 10 in Armour
  9993 | D:9      | Noticed an elephant
  9994 | D:9      | Found a staircase to the Lair.
 10033 | D:9      | Killed an elephant
 10314 | D:9      | Reached XP level 11. HP: 94/99 MP: 10/10
 10484 | D:9      | Found Arhyo's Assorted Antiques.
 10650 | D:10     | Entered Level 10 of the Dungeon
 10729 | D:10     | Noticed a two-headed ogre
 10749 | D:10     | Killed a two-headed ogre
 10877 | D:10     | Noticed Josephine
 10887 | D:10     | Killed Josephine
 10888 | D:10     | Reached skill level 10 in Fighting
 10923 | D:10     | Found a staircase to the Orcish Mines.
 10935 | D:10     | Found a runed translucent gate.
 10935 | D:10     | Noticed Nausicaa's ghost (novice TrDe)
 10936 | D:10     | Found a runed translucent gate.
 10937 | D:10     | Found a runed translucent gate.
 10937 | D:10     | Noticed an ettin
 11177 | D:10     | Reached **** piety under Trog
 11553 | D:10     | Noticed a two-headed ogre
 11560 | D:10     | Killed a two-headed ogre
 11561 | D:10     | Reached skill level 11 in Fighting
 11685 | Orc:1    | Entered Level 1 of the Orcish Mines
 12065 | Orc:1    | Reached skill level 1 in Throwing
 12179 | Orc:1    | Noticed an orc sorcerer
 12180 | Orc:1    | Noticed Snorg
 12186 | Orc:1    | Killed an orc sorcerer
 12194 | Orc:1    | Killed Snorg
 12473 | Orc:1    | Found Geir's Armour Emporium.
 12548 | D:11     | Reached XP level 12. HP: 77/111 MP: 11/11
 12750 | D:11     | Noticed a two-headed ogre
 12757 | D:11     | Killed a two-headed ogre
 12805 | D:11     | Reached skill level 12 in Fighting
 12903 | D:11     | Found a runed translucent door.
 12978 | D:11     | Reached ***** piety under Trog
 12996 | D:11     | You fall into a shaft and drop 1 floor!
 13265 | D:12     | Noticed hawla's ghost (journeyman DECj)
 13281 | D:12     | Found a transporter.
 13574 | D:12     | Reached skill level 13 in Fighting
 13606 | D:12     | Found a transporter.
 13819 | D:11     | Noticed a two-headed ogre
 13827 | D:11     | Killed a two-headed ogre
 14579 | Lair:1   | Entered Level 1 of the Lair of Beasts
 14703 | Lair:1   | Noticed a four-headed hydra
 14709 | Lair:1   | Killed a four-headed hydra
 14710 | Lair:1   | Reached skill level 14 in Fighting
 15521 | Lair:1   | Noticed a six-headed hydra
 15538 | Lair:1   | Noticed a four-headed hydra
 15548 | Lair:1   | Killed a four-headed hydra
 15549 | Lair:1   | Reached XP level 13. HP: 122/125 MP: 12/12
 16216 | Lair:2   | Noticed Erica
 16221 | Lair:2   | Killed Erica
 16576 | Lair:2   | Identified the +2 great sword "Vomash" {vorpal, SInv} (Trog
                  | gifted it to you on level 2 of the Lair of Beasts)
 16576 | Lair:2   | Received a gift from Trog
 16607 | Lair:2   | Noticed Harold
 16616 | Lair:2   | Killed Harold
 16617 | Lair:2   | Reached skill level 15 in Fighting
 17442 | Lair:3   | Noticed Gastronok
 17461 | Lair:3   | Killed Gastronok
 17462 | Lair:3   | Reached skill level 15 in Armour
 18106 | Lair:3   | Found a hole to the Spider Nest.
 18146 | Lair:3   | Reached skill level 16 in Fighting
 18394 | Lair:3   | Found a staircase to the Swamp.
 19054 | Lair:4   | Reached XP level 14. HP: 118/138 MP: 13/13
 19217 | Lair:4   | HP: 6/138 [eight-headed hydra[a boggart] (9)]
 21438 | Lair:5   | Received a gift from Trog
 21504 | Lair:5   | Reached skill level 17 in Fighting
 22669 | Lair:6   | Entered Level 6 of the Lair of Beasts
 23149 | Lair:6   | Found a runed translucent door.
 23149 | Lair:6   | Found a viscous altar of Jiyva.
 23149 | Lair:6   | Found a staircase to the Slime Pits.
 23149 | Lair:6   | Noticed an acid blob
 23249 | Lair:6   | Found a transporter.
 23250 | Lair:6   | Noticed velxir3's ghost (journeyman HOFi)
 23751 | Lair:6   | Found a transporter.
 23888 | Lair:6   | Reached skill level 18 in Fighting
 24830 | D:10     | Killed Nausicaa's ghost
 24847 | D:10     | Reached XP level 15. HP: 139/150 MP: 14/14
 25135 | D:12     | Killed hawla's ghost
 25137 | D:12     | Gained mutation: Your body sometimes deteriorates upon
                  | taking damage. [a neqoxec]
 25281 | Orc:2    | Entered Level 2 of the Orcish Mines
 25432 | Orc:2    | Received a gift from Trog
 25693 | Orc:2    | Noticed Rupert
 25741 | Orc:2    | Killed Rupert
 25742 | Orc:2    | Reached skill level 19 in Fighting
 26440 | Orc:2    | Found Fuxt's General Store.
 26518 | Orc:2    | Bought a scroll of enchant armour for 135 gold pieces
 26524 | Orc:2    | Found Qicy's Antique Weapon Shoppe.
 26712 | Orc:2    | Noticed an orc warlord
 26753 | Orc:2    | Killed an orc warlord
 27146 | Orc:2    | Found Xufeqodgh's Armour Emporium.
 27158 | Orc:2    | Bought the +8 chain mail "Bucogh" {rN+ Regen+ MP+9 Str+2}
                  | for 1024 gold pieces
 27311 | Orc:2    | HP: 8/229 [soul eater[an orc high priest] (10)]
 27318 | Orc:2    | HP: 9/228 [rust devil[an orc high priest] (4)]
 27320 | Orc:2    | Slain by an orc high priest

Illustrated notes

Levels and vault maps discovered:
D:1:      noname_arrival_rooms_in_the_neighbourhood, layout_basic, minmay_cupped
D:2:      layout_loops_ring, basic_altar, hellmonk_ecumenical_altar_run_dry,
          minmay_pentomino_s4
D:3:      layout_loops_corners, serial_shops, nicolae_diamond_shop,
          nrook_mini_vaults, minmay_between, uniq_robin
D:4:      layout_loops_ring, minmay_fractal_squares_gapless_5
D:5:      layout_basic, temple_statues, uniq_edmund, uniq_prince_ribbit1
D:6:      layout_cave_pools, nicolae_elyvilon_peaceful_grove, serial_shops,
          nicolae_lakefront_shop
D:7:      layout_rooms, eino_tiny_chamber, fountainhead, uniq_pikel
D:8:      nzn_winding_woodlands_three_and_one
          [nzn_winding_woodlands_5x15_lazy_stream,
          nzn_winding_woodlands_5x15_twine, nzn_winding_woodlands_5x15_eye,
          nzn_winding_woodlands_center_triple_pond], layout_rooms,
          serial_corexii_hall, chequers_hall_statues_wall_a,
          corexii_hall_statues_i, minmay_misc_feat_cross,
          kennysheep_minor_cross, uniq_maurice, uniq_maggie
D:9:      layout_basic, david_lair_generic, serial_shops,
          nicolae_shop_overgrown_old_shop
D:10:     layout_long_grid, orc_0_dummy, gammafunk_ghost_split, uniq_josephine
D:11:     cheibrodos_shockbox, layout_basic
D:12:     layout_big_octagon, gammafunk_ghost_stat_death
Lair:1:   layout_gridlike, grunt_forest_stairs_basic, nzn_random_ring,
          lemuel_fruit_tree
Lair:2:   wander_river, layout_concentric_octagons,
          nicolae_lair_grove_arrangements, uniq_erica, uniq_harold
Lair:3:   layout_loops_ring, nicolae_swamp_entry_splash_gauntlet,
          spider_nest_entry_a, grunt_megastairs_5, uniq_gastronok
Lair:4:   kb_forest_paths, layout_regular_city
Lair:5:   layout_roguey
Lair:6:   due_jungle_book, layout_regular_city, slime_altar_2,
          gammafunk_ghost_berserking_beasts, small_statue_intersection
Orc:1:    layout_diamond_mine, serial_shops, nicolae_shop_behind_doors,
          uniq_snorg
Orc:2:    pubby_orc_utopia, uniq_rupert

Skill      XL: |  1  2  3  4  5  6  7  8  9 10 11 12 13 14 15 |
---------------+----------------------------------------------+-----
Maces & Flails | 4 5 6 7 8 10 12 13 14 | 14.9
Fighting       | 4 5 6 8 9 11 14 16 18 19 | 19.7
Dodging        | 3 4 5 6 |  6.3
Stealth        | 1 2 3 |  3.4
Armour         | 3 5 6 8 10 11 13 16 17 18 | 18.1
Throwing       | 1 |  1.2

Action                   |  1- 3 |  4- 6 |  7- 9 | 10-12 | 13-15 || total
-------------------------+-------+-------+-------+-------+-------++-------
Melee: Mace              |    76 |    49 |       |       |       ||   125
       Headbutt          |    12 |    14 |    35 |   138 |   257 ||   456
       Flail             |       |    83 |    41 |       |       ||   124
       Dire flail        |       |       |   156 |   462 |  1093 ||  1711
Throw: Stone             |       |       |       |    14 |     3 ||    17
Invok: Berserk           |     1 |     2 |     4 |     6 |    10 ||    23
       Trog's Hand       |       |     1 |     5 |     6 |     9 ||    21
  Use: Scroll            |       |     5 |     3 |     7 |     5 ||    20
       Potion            |       |       |       |       |     2 ||     2
Armor: Animal skin       |    16 |    11 |       |       |       ||    27
       Leather armour    |       |    11 |       |       |       ||    11
       Ring mail         |       |    22 |    15 |       |       ||    37
       Chain mail        |       |       |    67 |   246 |   399 ||   712
       Plate armour      |       |       |       |       |   198 ||   198
Dodge: Dodged            |    49 |    65 |    84 |   155 |   514 ||   867
